 Dungeon Crawl Stone Soup version 0.25-a0-489-g9ae84a01e3 (webtiles) character file.

Game seed: 11958286460875176386, levelgen mode: deterministic

210 Notrik the Skirmisher (level 5, -4/47 HPs)
             Began as a Hill Orc Fighter on Feb 11, 2020.
             Killed from afar by an orc wizard (9 damage)
             ... with a magic dart
             ... on level 3 of the Dungeon.
             The game lasted 00:03:48 (1648 turns).

Notrik the Skirmisher (Hill Orc Fighter)            Turns: 1648, Time: 00:03:49

Health: -4/47      AC:  9    Str: 20    XL:     5   Next: 88%
Magic:  5/5        EV:  7    Int:  8    God:
Gold:   163        SH:  9    Dex: 10    Spells: 4/4 levels left

rFire    . . .     SeeInvis .   a - +0 war axe
rCold    . . .     Gourm    .   c - +0 kite shield
rNeg     . . .     Faith    .   b - +0 scale mail
rPois    .         Spirit   .   k - +0 helmet
rElec    .         Reflect  .   i - +0 cloak
rCorr    .         Harm     .   (no gloves)
MR       .....                  (no boots)
Stlth    ..........             (no amulet)
HPRegen  0.15/turn              (no ring)
MPRegen  0.09/turn              (no ring)

@: no status effects
A: no striking features
a: no special abilities


You were on level 3 of the Dungeon.
You were not hungry.

You visited 1 branch of the dungeon, and saw 3 of its levels.

You collected 163 gold pieces.

Inventory:

Hand Weapons
 a - a +0 war axe (weapon)
Armour
 b - a +0 scale mail (worn)
 c - a +0 kite shield (worn)
 i - a +0 cloak (worn)
   (You found it on level 1 of the Dungeon)
 k - a +0 helmet (worn)
   (You found it on level 1 of the Dungeon)
Jewellery
 h - a cursed amulet of inaccuracy {unknown}
   (You found it on level 1 of the Dungeon)
 q - an uncursed ring of wizardry {unknown}
   (You found it on level 2 of the Dungeon)
Scrolls
 f - 5 scrolls of identify {unknown}
 l - 2 scrolls of enchant weapon {unknown}
 m - a scroll of fog {unknown}
 o - a scroll of teleportation {unknown}
 r - a scroll of fear {unknown}
 s - a scroll of remove curse {unknown}
Potions
 d - a potion of might
 n - a potion of heal wounds {unknown}
 p - a potion of cancellation {unknown}
Comestibles
 e - 5 rations {!d}


   Skills:
 + Level 4.9 Fighting
 + Level 4.4 Axes
 + Level 4.5 Armour
 + Level 4.4 Shields


You had 4 spell levels left.
You didn't know any spells.
Your spell library was empty.

Dungeon Overview and Level Annotations

Branches:
Dungeon (3/15)

Altars:


Message History

The orc wizard hits you but does no damage.
You block the orc wizard's attack. The orc wizard completely misses you.
A leopard gecko comes into view.
You barely miss the orc wizard.
The orc wizard points at you and mumbles some strange words.
The magic dart hits you.
* * * LOW HITPOINT WARNING * * *
The orc wizard closely misses you.
The orc wizard hits you but does no damage.
You hit the orc wizard.
The orc wizard hits you but does no damage. x2
The orc wizard casts a spell.
The orc wizard blinks!
The orc wizard hits you but does no damage.
You closely miss the leopard gecko. You closely miss the orc wizard.
You block the orc wizard's attack.
The leopard gecko bites you but does no damage.
The orc wizard hits you but does no damage.
The leopard gecko bites you but does no damage.
The orc wizard hits you with a +0 dagger.
* * * LOW HITPOINT WARNING * * *
The leopard gecko barely misses you.
Your shield prevents you from hitting the leopard gecko.
You completely miss the orc wizard. You block the orc wizard's attack.
The leopard gecko bites you but does no damage.
The orc wizard hits you but does no damage.
The leopard gecko closely misses you.
The orc wizard points at you and mumbles some strange words.
The magic dart hits you but does no damage.
You slash the leopard gecko!
You kill the leopard gecko!
You closely miss the orc wizard.
You feel yourself speed up.
The orc wizard mumbles some strange words.
The orc wizard blinks!
The orc wizard mumbles some strange words.
The orc wizard blinks!
You now have 163 gold pieces (gained 10).
Items here: )) †† a +0 club; a +0 short sword; a leopard gecko corpse; an orc corpse You start resting.
The orc wizard is too close now for your liking.
The orc wizard casts a spell.
The orc wizard blinks!
The orc wizard mumbles some strange words.
The orc wizard blinks!
The worker ant twitches its antennae in your direction.
The orc wizard gestures at you while chanting.
The magic dart hits you!
You die...

##### .### #...# ...
#...# #. ###...#### #
###.o).....### #
.##.#..@#.).##...#
.o........#...####.##
# ....#####.#####
#..###### .. #...
...##..#....
##a............###
.........###...#
......... ###[.
.......#. ##
..###....


You could see a worker ant and an orc wizard.

Vanquished Creatures
  A hound (D:3)
  An orc priest (D:3)
  4 adders (D:2)
  An ooze (D:1)
  2 worms (D:2)
  2 dart slugs (D:1)
  3 leopard geckos
  5 orcs (D:3)
  4 giant cockroaches
  7 goblins
  5 hobgoblins
  10 jackals
  6 kobolds
  A quokka (D:2)
  2 ball pythons (D:1)
  8 bats
  8 frilled lizards
  2 rats (D:1)
72 creatures vanquished.

Vanquished Creatures (others)
  An orc wizard (D:3)
1 creature vanquished.

Grand Total: 73 creatures vanquished

Notes
Turn   | Place    | Note
-------+----------+-------------------------------------------
     0 | D:1      | Notrik the Hill Orc Fighter began the quest for the Orb.
     0 | D:1      | Reached XP level 1. HP: 19/19 MP: 1/1
   123 | D:1      | Reached XP level 2. HP: 26/27 MP: 2/2
   180 | D:1      | Reached XP level 3. HP: 30/33 MP: 3/3
   830 | D:2      | Reached XP level 4. HP: 37/41 MP: 4/4
  1385 | D:3      | Reached XP level 5. HP: 45/47 MP: 5/5
  1628 | D:3      | HP: 1/47 [something/puff of flame (5)]
  1648 | D:3      | Killed from afar by an orc wizard

Levels and vault maps discovered:
D:1:      dpeg_arrival_rooms_a, layout_basic, hex_large
D:2:      layout_loops_cross
D:3:      layout_rooms, led_sif_book, kiku_gazebo_garden_becter,
          uniq_crazy_yiuf_cottage, uniq_terence

Skill      XL: |  1  2  3  4 |
---------------+-------------+-----
Axes           | 3 4 |  4.4
Fighting       | 4 |  4.9
Armour         | 4 |  4.5
Shields        | 4 |  4.4

Action                   |  1- 3 |  4- 6 || total
-------------------------+-------+-------++-------
Melee: War axe           |   110 |   140 ||   250
  Use: Potion            |       |     1 ||     1
  Eat: Chunk             |       |     3 ||     3
Armor: Scale mail        |    56 |   115 ||   171
Dodge: Dodged            |    43 |    63 ||   106
Block: Kite shield       |    72 |    83 ||   155

Table legend:
 A = Non-vault XP
 B = Vault XP
 C = Vault XP percentage of total XP
 D = Non-vault monster count
 E = Vault monster count
 F = Vault count percentage of total count
                 A         B        C        D         E       F
            +---------+---------+-------+---------+---------+-------
      Total |     301 |       0 |   0.0 |      73 |       0 |   0.0
            +---------+---------+-------+---------+---------+-------
        D:1 |      63 |       0 |   0.0 |      33 |       0 |   0.0
        D:2 |      97 |       0 |   0.0 |      26 |       0 |   0.0
        D:3 |     141 |       0 |   0.0 |      14 |       0 |   0.0
            +---------+---------+-------+---------+---------+-------
